[Event "12th Maria Albulet Memorial 2019"]
[Site "Braila"]
[Date "2019.10.04"]
[Round "4.1"]
[White "Lehaci, Miruna-Daria"]
[Black "Rakhmangulova, Anastasiya"]
[Result "1/2-1/2"]
[ECO "B32"]
[WhiteElo "2131"]
[BlackElo "2186"]
[Annotator "NA"]
[PlyCount "88"]
[EventDate "2019.10.02"]
[EventType "swiss"]
[EventCountry "ROU"]
[SourceTitle "playchess.com"]
[Source "ChessBase"]
[SourceQuality "1"]
[TimeControl "40/5400+30:900+30"]

1. e4 c5 2. Nf3 Nc6 3. d4 cxd4 4. Nxd4 Qb6 5. Nb3 Nf6 6. Nc3 e6 7. Bg5 Be7 8. Qd2 a6 9. f3 Qc7 10. O-O-O d6 11. g4 b5 12. Be3 b4 13. Ne2 Nd7 14. Ned4 Nxd4 15. Qxd4 a5 16. Qc4 Qxc4 17. Bxc4 O-O 18. Nd4 Ne5 19. Bb5 Ba6 20. Bf4 Nxf3 21. Bxa6 Nxd4 22. Bd3 e5 23. Be3 Ne6 24. h4 Rfc8 25. b3 a4 26. Bc4 axb3 27. axb3 Ra1+ 28. Kb2 Rxd1 29. Rxd1 Bxh4 30. Rxd6 Nf8 31. Bd2 Rb8 32. Rd5 Be7 33. Kc1 Ng6 34. c3 bxc3 35. Bxc3 Nf4 36. Rd7 Ng6 37. Kc2 Kf8 38. b4 Ke8 39. Ra7 Bxb4 40. Bxf7+ Kf8 41. Bxg6 Bxc3 42. Bxh7 Bd4 43. Rc7 Rb6 44. Bf5 Rb2+ 1/2-1/2

[Event "12th Maria Albulet Memorial 2019"]
[Site "Braila"]
[Date "2019.10.04"]
[Round "4.2"]
[White "Cosma, Elena-Luminita"]
[Black "Petrenko, Svetlana"]
[Result "1/2-1/2"]
[ECO "D78"]
[WhiteElo "2313"]
[BlackElo "2112"]
[Annotator "NA"]
[PlyCount "87"]
[EventDate "2019.10.02"]
[EventType "swiss"]
[EventCountry "ROU"]
[SourceTitle "playchess.com"]
[Source "ChessBase"]
[SourceQuality "1"]
[TimeControl "40/5400+30:900+30"]

1. d4 d5 2. Nf3 Nf6 3. g3 g6 4. Bg2 Bg7 5. O-O O-O 6. c4 c6 7. Nbd2 Ne4 8. e3 Nxd2 9. Bxd2 dxc4 10. Qc2 b5 11. a4 Bb7 12. Rfd1 Nd7 13. Ng5 a6 14. Ne4 Qc7 15. Bb4 Rfe8 16. Qe2 f5 17. Nc5 Nxc5 18. Bxc5 e5 19. axb5 axb5 20. Rxa8 Rxa8 21. dxe5 Qxe5 22. Bd4 Qe7 23. Bxg7 Kxg7 24. Qd2 Kf7 25. Qd4 Kg8 26. h4 Rc8 27. Qb6 Qc7 28. Qc5 Rd8 29. Ra1 Ra8 30. Rd1 Rd8 31. Bd5+ Kg7 32. Rd4 Kh6 33. Bf3 Rxd4 34. exd4 Qd7 35. Qf8+ Qg7 36. Qb8 Qe7 37. Kg2 Kg7 38. Qa7 Qd7 39. Qc5 h6 40. h5 gxh5 41. Kh2 Qf7 42. Kg1 Qe6 43. Bxh5 Bc8 44. Bf3 1/2-1/2

[Event "12th Maria Albulet Memorial 2019"]
[Site "Braila"]
[Date "2019.10.04"]
[Round "4.3"]
[White "Navrotescu, Andreea-Cristiana"]
[Black "Doluhanova, Evgeniya"]
[Result "1/2-1/2"]
[ECO "A28"]
[WhiteElo "2241"]
[BlackElo "2285"]
[Annotator "NA"]
[PlyCount "121"]
[EventDate "2019.10.02"]
[EventType "swiss"]
[EventCountry "ROU"]
[SourceTitle "playchess.com"]
[Source "ChessBase"]
[SourceQuality "1"]
[TimeControl "40/5400+30:900+30"]

1. c4 Nf6 2. Nc3 e5 3. Nf3 Nc6 4. e3 Bb4 5. Qc2 O-O 6. Nd5 Be7 7. a3 d6 8. Be2 Nxd5 9. cxd5 Nb8 10. d4 c6 11. dxc6 Nxc6 12. d5 Qa5+ 13. Qd2 Qxd2+ 14. Bxd2 Nb8 15. Rc1 Nd7 16. O-O Nf6 17. Rfd1 Nxd5 18. Ba5 Be6 19. Bc4 Rfc8 20. b3 b6 21. Be1 Nc7 22. Bb4 b5 23. Bxe6 Nxe6 24. Nxe5 a5 25. Nc6 Rxc6 26. Rxc6 axb4 27. axb4 Rb8 28. Rdc1 Kf8 29. Rc8+ Rxc8 30. Rxc8+ Nd8 31. Rb8 Ke8 32. Rxb5 Kd7 33. Rh5 h6 34. Kf1 Nc6 35. b5 Ne5 36. Ke2 Kc7 37. f4 Ng4 38. Rd5 Nxh2 39. Rd4 Ng4 40. Ra4 Kb6 41. Ra6+ Kb7 42. e4 Nf6 43. Kd3 Ne8 44. Kc4 Nc7 45. Ra1 Kb6 46. g4 Ne6 47. Rf1 Nc5 48. Re1 Nd7 49. e5 dxe5 50. fxe5 Bh4 51. Re3 Kc7 52. e6 Nb6+ 53. Kd3 fxe6 54. Rxe6 Bf6 55. Rc6+ Kb7 56. Ke4 Nd7 57. Kf5 Ne5 58. Rxf6 gxf6 59. Kxf6 Nxg4+ 60. Kg6 Kb6 61. Kh5 1/2-1/2

[Event "12th Maria Albulet Memorial 2019"]
[Site "Braila"]
[Date "2019.10.04"]
[Round "4.4"]
[White "Bucur, Denisa-Andreea"]
[Black "Makropoulou, Marina"]
[Result "1-0"]
[ECO "D37"]
[WhiteElo "1888"]
[BlackElo "2201"]
[Annotator "NA"]
[PlyCount "79"]
[EventDate "2019.10.02"]
[EventType "swiss"]
[EventCountry "ROU"]
[SourceTitle "playchess.com"]
[Source "ChessBase"]
[SourceQuality "1"]
[TimeControl "40/5400+30:900+30"]

1. d4 Nf6 2. Nf3 e6 3. c4 d5 4. Nc3 Be7 5. Bf4 O-O 6. e3 Nbd7 7. c5 Nh5 8. Bd3 Nxf4 9. exf4 b6 10. b4 a5 11. a3 c6 12. O-O Ba6 13. Bxa6 Rxa6 14. Qe2 b5 15. Rfe1 Bf6 16. Ne5 Bxe5 17. fxe5 Qh4 18. Red1 Rfa8 19. g3 Qh3 20. Na2 Nb8 21. a4 axb4 22. axb5 Ra3 23. Qb2 cxb5 24. Nxb4 R3a4 25. c6 Qg4 26. Rdc1 Nxc6 27. Nxc6 h5 28. Rxa4 bxa4 29. Qb7 Rf8 30. Qa6 h4 31. Qxa4 Qg5 32. f4 Qh6 33. Ne7+ Kh8 34. Qa3 Rb8 35. Rc8+ Rxc8 36. Nxc8 Kh7 37. Qe7 hxg3 38. hxg3 Kg8 39. Qd8+ Kh7 40. Ne7 1-0

[Event "12th Maria Albulet Memorial 2019"]
[Site "Braila"]
[Date "2019.10.04"]
[Round "4.5"]
[White "Verbin, Valentina"]
[Black "Cosman, Andreea-Marioara"]
[Result "1/2-1/2"]
[ECO "B52"]
[WhiteElo "2076"]
[BlackElo "2165"]
[Annotator "NA"]
[PlyCount "71"]
[EventDate "2019.10.02"]
[EventType "swiss"]
[EventCountry "ROU"]
[SourceTitle "playchess.com"]
[Source "ChessBase"]
[SourceQuality "1"]
[TimeControl "40/5400+30:900+30"]

1. e4 c5 2. Nf3 d6 3. Bb5+ Bd7 4. Bxd7+ Qxd7 5. c4 Nc6 6. Nc3 g6 7. d4 cxd4 8. Nxd4 Bg7 9. Be3 Nf6 10. f3 O-O 11. O-O Rac8 12. b3 Rfd8 13. Qd2 e6 14. Rfd1 b6 15. Rac1 Qb7 16. Qf2 Rd7 17. Qh4 Ne8 18. Nde2 Ne7 19. Bd4 a6 20. Bxg7 Kxg7 21. Qf4 Nc6 22. a4 Rcd8 23. h4 h6 24. Qe3 Nc7 25. Nd4 Kh7 26. f4 Nxd4 27. Qxd4 b5 28. h5 bxc4 29. bxc4 Qc6 30. a5 Ne8 31. hxg6+ fxg6 32. f5 exf5 33. exf5 Qc5 34. fxg6+ Kxg6 35. Qxc5 dxc5 36. Rd5 1/2-1/2

[Event "12th Maria Albulet Memorial 2019"]
[Site "Braila"]
[Date "2019.10.04"]
[Round "4.6"]
[White "Mihailova, Alina"]
[Black "Didiliuc, Dariana-Gabriela"]
[Result "0-1"]
[ECO "A57"]
[WhiteElo "1770"]
[BlackElo "1798"]
[Annotator "NA"]
[PlyCount "140"]
[EventDate "2019.10.02"]
[EventType "swiss"]
[EventCountry "ROU"]
[SourceTitle "playchess.com"]
[Source "ChessBase"]
[SourceQuality "1"]
[TimeControl "40/5400+30:900+30"]

1. d4 Nf6 2. c4 c5 3. d5 b5 4. Nd2 a6 5. e4 d6 6. Ngf3 g6 7. b3 Bg7 8. Bb2 O-O 9. Qc2 Nbd7 10. cxb5 axb5 11. Bxb5 Qa5 12. Bd3 Ba6 13. Bxa6 Qxa6 14. Nc4 Rfb8 15. O-O Nb6 16. Nxb6 Rxb6 17. Nd2 Qb7 18. Nc4 Rba6 19. a4 Rb8 20. Nd2 Bh6 21. Bxf6 exf6 22. Rfb1 f5 23. Nc4 Bg7 24. Ra2 Re8 25. exf5 Qxd5 26. fxg6 hxg6 27. Rd1 Qe6 28. h3 d5 29. Ne3 d4 30. Nc4 Rb8 31. Qd3 Qc6 32. Re2 Qb7 33. Nd2 Bh6 34. Ne4 Rc6 35. Rc2 Qxb3 36. Qxb3 Rxb3 37. Rxc5 Rxc5 38. Nxc5 Rc3 39. Ne4 Rc4 40. a5 Bg7 41. Nd6 Ra4 42. Nb7 Be5 43. Kf1 Bb8 44. Ke2 Ba7 45. Rc1 Ra3 46. Rd1 Kf8 47. Rd3 Ra4 48. g4 Ke7 49. Rb3 Ra2+ 50. Kf3 Kd7 51. Ke4 Rxf2 52. Kd5 Rc2 53. Rf3 Ke7 54. g5 Rc3 55. Rf1 d3 56. Re1+ Kd7 57. Rf1 Ke7 58. Re1+ Kf8 59. Rd1 Be3 60. Ke4 d2 61. a6 Bxg5 62. Nd6 Ra3 63. Nc4 Rxa6 64. Kd3 Kg7 65. Ke2 Re6+ 66. Kf1 Kh6 67. Nxd2 Rd6 68. Ke2 Rxd2+ 69. Rxd2 Bxd2 70. Kxd2 Kh5 0-1

[Event "12th Maria Albulet Memorial 2019"]
[Site "Braila"]
[Date "2019.10.04"]
[Round "4.7"]
[White "Anghel, Maria"]
[Black "Pitigoi, Sabina-Andreea"]
[Result "1/2-1/2"]
[ECO "E21"]
[WhiteElo "1743"]
[BlackElo "1490"]
[Annotator "NA"]
[PlyCount "57"]
[EventDate "2019.10.02"]
[EventType "swiss"]
[EventCountry "ROU"]
[SourceTitle "playchess.com"]
[Source "ChessBase"]
[SourceQuality "1"]
[TimeControl "40/5400+30:900+30"]

1. d4 Nf6 2. Nf3 e6 3. c4 b6 4. Nc3 Bb7 5. a3 Be7 6. d5 exd5 7. cxd5 d6 8. e4 Nbd7 9. Bd3 O-O 10. O-O c6 11. dxc6 Bxc6 12. Nd4 Bb7 13. Re1 Re8 14. Nf5 Bf8 15. b4 d5 16. exd5 Rxe1+ 17. Qxe1 Nxd5 18. Nxd5 Bxd5 19. Bb2 Qg5 20. Ng3 Bd6 21. Rd1 Bxg3 22. hxg3 Nf8 23. Qc3 Kh8 24. Re1 f6 25. Bc1 Qg4 26. Qd2 Rd8 27. Qe3 Qe6 28. Qd2 Qd7 29. Bf1 1/2-1/2

[Event "12th Maria Albulet Memorial 2019"]
[Site "Braila"]
[Date "2019.10.04"]
[Round "4.8"]
[White "Paraschiv, Petronela-Alexandra"]
[Black "Maria, Lia-Alexandra"]
[Result "1/2-1/2"]
[ECO "B53"]
[WhiteElo "1829"]
[BlackElo "1602"]
[Annotator "NA"]
[PlyCount "49"]
[EventDate "2019.10.02"]
[EventType "swiss"]
[EventCountry "ROU"]
[SourceTitle "playchess.com"]
[Source "ChessBase"]
[SourceQuality "1"]
[TimeControl "40/5400+30:900+30"]

1. e4 c5 2. Nf3 d6 3. d4 cxd4 4. Qxd4 Nf6 5. Bg5 Nc6 6. Bb5 Bd7 7. Bxc6 Bxc6 8. Nc3 h6 9. Bh4 g5 10. Bg3 Bg7 11. Qd3 Qb6 12. Rb1 Rc8 13. Nd5 Nxd5 14. exd5 Qa5+ 15. c3 Qxd5 16. Qxd5 Bxd5 17. Rd1 Bc6 18. O-O f5 19. h3 O-O 20. Nd4 Bd7 21. Rfe1 e5 22. Nb3 Rf6 23. Bxe5 dxe5 24. Rxd7 Rf7 25. Red1 1/2-1/2

[Event "12th Maria Albulet Memorial 2019"]
[Site "Braila"]
[Date "2019.10.05"]
[Round "5.1"]
[White "Rakhmangulova, Anastasiya"]
[Black "Bucur, Denisa-Andreea"]
[Result "1-0"]
[ECO "C00"]
[WhiteElo "2186"]
[BlackElo "1888"]
[Annotator "ChessBase"]
[PlyCount "73"]
[EventDate "2019.10.02"]
[EventType "swiss"]
[EventCountry "ROU"]
[SourceTitle "playchess.com"]
[Source "ChessBase"]
[SourceQuality "1"]
[TimeControl "40/5400+30:900+30"]

1. e4 e6 2. d3 d5 3. Nd2 c5 4. Ngf3 Nc6 5. g3 Nf6 6. Bg2 Be7 7. O-O b6 8. Re1 Bb7 9. c3 Qc7 10. a4 h6 11. exd5 Nxd5 12. Nc4 O-O 13. a5 b5 14. a6 Bxa6 15. Rxa6 bxc4 16. dxc4 Nb6 17. Qe2 Rad8 18. Bf4 Bd6 19. Be3 Rd7 20. Nd2 Ne7 21. Ne4 Nf5 22. Bc1 Be7 23. b3 Nd6 24. Bf4 Qc8 25. Rea1 Nxe4 26. Bxe4 Bf6 27. Qf3 g5 28. Bc1 Bg7 29. Rxa7 f5 30. Bc2 Rxa7 31. Rxa7 Rf7 32. Rxf7 Kxf7 33. g4 Kf6 34. h4 Bf8 35. hxg5+ hxg5 36. gxf5 exf5 37. Qh5 1-0

[Event "12th Maria Albulet Memorial 2019"]
[Site "Braila"]
[Date "2019.10.05"]
[Round "5.2"]
[White "Petrenko, Svetlana"]
[Black "Lehaci, Miruna-Daria"]
[Result "1-0"]
[ECO "A22"]
[WhiteElo "2112"]
[BlackElo "2131"]
[Annotator "ChessBase"]
[PlyCount "81"]
[EventDate "2019.10.02"]
[EventType "swiss"]
[EventCountry "ROU"]
[SourceTitle "playchess.com"]
[Source "ChessBase"]
[SourceQuality "1"]
[TimeControl "40/5400+30:900+30"]

1. c4 e5 2. Nc3 Nf6 3. g3 c6 4. e4 Bc5 5. Bg2 O-O 6. d3 d6 7. h3 Be6 8. g4 a5 9. Qf3 Nbd7 10. Nge2 a4 11. O-O Ne8 12. Ng3 Nc7 13. Nf5 b5 14. cxb5 Nxb5 15. Nxb5 cxb5 16. Be3 Qb6 17. g5 Ra6 18. h4 Qd8 19. Qg3 Kh8 20. d4 Bxf5 21. dxc5 Be6 22. Rfc1 dxc5 23. Bxc5 Re8 24. Bb4 Qa8 25. a3 Rc6 26. Rd1 Qb7 27. Bc3 Qc7 28. Bf1 Bc4 29. Bh3 Nf8 30. Rd2 Bb3 31. h5 Rc4 32. Bf1 Rxe4 33. Bxb5 Re7 34. Bb4 f5 35. gxf6 Rf7 36. Bxf8 Rxf8 37. Rd7 Qxd7 38. Bxd7 gxf6 39. Rc1 f5 40. f3 f4 41. Qg5 1-0

[Event "12th Maria Albulet Memorial 2019"]
[Site "Braila"]
[Date "2019.10.05"]
[Round "5.3"]
[White "Doluhanova, Evgeniya"]
[Black "Cosma, Elena-Luminita"]
[Result "1/2-1/2"]
[ECO "C17"]
[WhiteElo "2285"]
[BlackElo "2313"]
[Annotator "ChessBase"]
[PlyCount "38"]
[EventDate "2019.10.02"]
[EventType "swiss"]
[EventCountry "ROU"]
[SourceTitle "playchess.com"]
[Source "ChessBase"]
[SourceQuality "1"]
[TimeControl "40/5400+30:900+30"]

1. e4 e6 2. d4 d5 3. Nc3 Bb4 4. e5 c5 5. Qg4 Ne7 6. a3 Qa5 7. Nge2 cxd4 8. Rb1 Bxc3+ 9. bxc3 O-O 10. h4 Nbc6 11. h5 Nxe5 12. Qh4 f6 13. Nxd4 Nf5 14. Nxf5 exf5 15. Qd4 Re8 16. Be2 Nc6 17. Qd3 Ne5 18. Qd4 Nc6 19. Qd3 Ne5 1/2-1/2

[Event "12th Maria Albulet Memorial 2019"]
[Site "Braila"]
[Date "2019.10.05"]
[Round "5.4"]
[White "Navrotescu, Andreea-Cristiana"]
[Black "Verbin, Valentina"]
[Result "1-0"]
[ECO "E24"]
[WhiteElo "2241"]
[BlackElo "2076"]
[Annotator "ChessBase"]
[PlyCount "53"]
[EventDate "2019.10.02"]
[EventType "swiss"]
[EventCountry "ROU"]
[SourceTitle "playchess.com"]
[Source "ChessBase"]
[SourceQuality "1"]
[TimeControl "40/5400+30:900+30"]

1. d4 Nf6 2. c4 e6 3. Nc3 Bb4 4. a3 Bxc3+ 5. bxc3 d5 6. e3 O-O 7. cxd5 exd5 8. Bd3 c5 9. Ne2 Nc6 10. O-O Re8 11. f3 Qa5 12. Rb1 a6 13. Rb2 b5 14. e4 cxd4 15. cxd4 Qb6 16. Kh1 dxe4 17. fxe4 Nxe4 18. Ng3 Nxg3+ 19. hxg3 Ra7 20. Rbf2 g6 21. Rf6 Be6 22. d5 Bxd5 23. Bxg6 hxg6 24. Qxd5 Qd4 25. Rxg6+ Kf8 26. Bh6+ Ke7 27. Rxf7# 1-0

[Event "12th Maria Albulet Memorial 2019"]
[Site "Braila"]
[Date "2019.10.05"]
[Round "5.5"]
[White "Cosman, Andreea-Marioara"]
[Black "Didiliuc, Dariana-Gabriela"]
[Result "1-0"]
[ECO "A58"]
[WhiteElo "2165"]
[BlackElo "1798"]
[Annotator "ChessBase"]
[PlyCount "107"]
[EventDate "2019.10.02"]
[EventType "swiss"]
[EventCountry "ROU"]
[SourceTitle "playchess.com"]
[Source "ChessBase"]
[SourceQuality "1"]
[TimeControl "40/5400+30:900+30"]

1. d4 Nf6 2. c4 c5 3. d5 b5 4. cxb5 a6 5. bxa6 g6 6. Nc3 Bg7 7. e4 O-O 8. Be2 Qa5 9. Bd2 Bxa6 10. Nf3 Bxe2 11. Qxe2 Qa6 12. b3 e6 13. dxe6 dxe6 14. Qxa6 Rxa6 15. Rc1 Nbd7 16. O-O Rb8 17. h3 Nb6 18. Rfd1 c4 19. Bf4 Rc8 20. bxc4 Nxc4 21. Nb5 Bf8 22. Rd4 Nb6 23. Rxc8 Nxc8 24. Rd8 Nb6 25. Ne5 Ra8 26. Rxa8 Nxa8 27. f3 Nb6 28. Kf2 Na4 29. Ke2 Nh5 30. Be3 Ng3+ 31. Kd3 f5 32. exf5 Nxf5 33. Bf2 Kg7 34. Nd7 Be7 35. Kc2 Bh4 36. Bg1 Be1 37. Kb3 Nh4 38. Kxa4 Nxg2 39. Bd4+ Kf7 40. Ne5+ Ke7 41. Nd3 Bd2 42. Bf2 g5 43. Kb3 Kf6 44. Nc3 Nf4 45. Ne4+ Kf5 46. Nd6+ Kg6 47. Nxf4+ Bxf4 48. Bc5 Kh5 49. a4 Bd2 50. Bf2 Bf4 51. Nb5 Kg6 52. a5 h5 53. a6 Bb8 54. Bg3 1-0

[Event "12th Maria Albulet Memorial 2019"]
[Site "Braila"]
[Date "2019.10.05"]
[Round "5.6"]
[White "Makropoulou, Marina"]
[Black "Anghel, Maria"]
[Result "1-0"]
[ECO "B42"]
[WhiteElo "2201"]
[BlackElo "1743"]
[Annotator "ChessBase"]
[PlyCount "67"]
[EventDate "2019.10.02"]
[EventType "swiss"]
[EventCountry "ROU"]
[SourceTitle "playchess.com"]
[Source "ChessBase"]
[SourceQuality "1"]
[TimeControl "40/5400+30:900+30"]

1. e4 c5 2. Nf3 e6 3. d4 cxd4 4. Nxd4 a6 5. Bd3 Nf6 6. O-O d6 7. c4 g6 8. Nc3 Bg7 9. Bg5 Qc7 10. Rc1 O-O 11. Qd2 Re8 12. Bh6 Bh8 13. Be2 Nc6 14. Nxc6 bxc6 15. Rfd1 Rd8 16. e5 Ne8 17. Bf4 d5 18. Qe3 Qb7 19. b3 Bd7 20. Na4 Rab8 21. Nc5 Qb6 22. cxd5 cxd5 23. Nxa6 Qxe3 24. Bxe3 Ra8 25. f4 Bc8 26. Nb4 Bb7 27. a4 h5 28. Bb6 Rdc8 29. a5 Rxc1 30. Rxc1 Rb8 31. Nc6 Ra8 32. b4 Bg7 33. Nd8 Bc8 34. Bb5 1-0

[Event "12th Maria Albulet Memorial 2019"]
[Site "Braila"]
[Date "2019.10.05"]
[Round "5.7"]
[White "Paraschiv, Petronela-Alexandra"]
[Black "Mihailova, Alina"]
[Result "0-1"]
[ECO "C68"]
[WhiteElo "1829"]
[BlackElo "1770"]
[Annotator "NA"]
[PlyCount "56"]
[EventDate "2019.10.02"]
[EventType "swiss"]
[EventCountry "ROU"]
[SourceTitle "playchess.com"]
[Source "ChessBase"]
[SourceQuality "1"]
[TimeControl "40/5400+30:900+30"]

1. e4 e5 2. Nf3 Nc6 3. Bb5 a6 4. Bxc6 dxc6 5. O-O Bg4 6. h3 h5 7. d3 Qf6 8. Nbd2 Ne7 9. Re1 Ng6 10. d4 Bxf3 11. Nxf3 Bd6 12. c3 Qe7 13. dxe5 Bxe5 14. Nxe5 Nxe5 15. Qc2 O-O-O 16. Be3 g5 17. Rad1 Rdg8 18. Bd4 g4 19. hxg4 Rxg4 20. Bxe5 Qxe5 21. Re2 Rhg8 22. f3 Rg3 23. Kf1 h4 24. Qd3 h3 25. gxh3 Rg1+ 26. Kf2 R8g2+ 27. Ke3 Qg5+ 28. Kd4 c5+ 0-1

[Event "12th Maria Albulet Memorial 2019"]
[Site "Braila"]
[Date "2019.10.05"]
[Round "5.8"]
[White "Maria, Lia-Alexandra"]
[Black "Pitigoi, Sabina-Andreea"]
[Result "1-0"]
[ECO "C17"]
[WhiteElo "1602"]
[BlackElo "1490"]
[Annotator "NA"]
[PlyCount "65"]
[EventDate "2019.10.02"]
[EventType "swiss"]
[EventCountry "ROU"]
[SourceTitle "playchess.com"]
[Source "ChessBase"]
[SourceQuality "1"]
[TimeControl "40/5400+30:900+30"]

1. e4 e6 2. d4 d5 3. Nc3 Bb4 4. e5 c5 5. Bd2 a6 6. a3 cxd4 7. axb4 dxc3 8. Bxc3 b5 9. Bxb5+ Bd7 10. Be2 Qb6 11. Nf3 Ne7 12. O-O O-O 13. Bd3 h6 14. Bd2 Nbc6 15. c3 d4 16. Qc1 h5 17. Re1 dxc3 18. bxc3 Rfc8 19. Be3 Qb7 20. Bc5 Be8 21. Qg5 g6 22. Qh6 Nd8 23. Ng5 Rxc5 24. Qh7+ Kf8 25. Qh8+ Ng8 26. bxc5 Bc6 27. Nh7+ Ke7 28. Qxg8 Bxg2 29. Qf8+ Kd7 30. Nf6+ Kc8 31. Be4 Bxe4 32. Nxe4 Kc7 33. Qe7+ 1-0

[Event "12th Maria Albulet Memorial 2019"]
[Site "Braila"]
[Date "2019.10.06"]
[Round "6.1"]
[White "Cosma, Elena-Luminita"]
[Black "Rakhmangulova, Anastasiya"]
[Result "1/2-1/2"]
[ECO "D02"]
[WhiteElo "2313"]
[BlackElo "2186"]
[Annotator "ChessBase"]
[PlyCount "49"]
[EventDate "2019.10.02"]
[EventType "swiss"]
[EventCountry "ROU"]
[SourceTitle "playchess.com"]
[Source "ChessBase"]
[SourceQuality "1"]
[TimeControl "40/5400+30:900+30"]

1. d4 d5 2. Nf3 Nf6 3. c4 c6 4. Qc2 dxc4 5. Qxc4 Bf5 6. e3 e6 7. Nbd2 Nbd7 8. Bd3 Bxd3 9. Qxd3 Be7 10. O-O O-O 11. b3 a5 12. a3 c5 13. Bb2 a4 14. Rfc1 cxd4 15. Qxd4 e5 16. Qc3 axb3 17. Nxb3 Qb6 18. Nfd2 Qa6 19. h3 Nd5 20. Qc4 Qxc4 21. Nxc4 f6 22. Rd1 N7b6 23. Nca5 Ra7 24. Rac1 Rfa8 25. e4 1/2-1/2

[Event "12th Maria Albulet Memorial 2019"]
[Site "Braila"]
[Date "2019.10.06"]
[Round "6.2"]
[White "Lehaci, Miruna-Daria"]
[Black "Navrotescu, Andreea-Cristiana"]
[Result "1/2-1/2"]
[ECO "B48"]
[WhiteElo "2131"]
[BlackElo "2241"]
[Annotator "ChessBase"]
[PlyCount "177"]
[EventDate "2019.10.02"]
[EventType "swiss"]
[EventCountry "ROU"]
[SourceTitle "playchess.com"]
[Source "ChessBase"]
[SourceQuality "1"]
[TimeControl "40/5400+30:900+30"]

1. e4 c5 2. Nf3 e6 3. d4 cxd4 4. Nxd4 Nc6 5. Nc3 Qc7 6. Be3 a6 7. Qf3 Bd6 8. O-O-O Be5 9. g3 Nge7 10. Qe2 O-O 11. f4 Bxd4 12. Bxd4 Nxd4 13. Rxd4 b5 14. e5 Rb8 15. Ne4 Bb7 16. Bg2 Bd5 17. Kb1 Qa5 18. b3 Nc6 19. Rd2 Rfc8 20. Rc1 Rc7 21. c3 Ne7 22. Kb2 Bxe4 23. Bxe4 Nc8 24. h4 Qb6 25. h5 Qc5 26. Bb1 Nb6 27. Qe4 g6 28. hxg6 fxg6 29. Rh2 d5 30. exd6 Qxd6 31. Rch1 Qd5 32. Qxd5 Nxd5 33. Bxg6 Rxc3 34. Bxh7+ Kf7 35. g4 Rg3 36. f5 Rxg4 37. fxe6+ Kxe6 38. Re1+ Kf6 39. Rd2 Nf4 40. Rd6+ Kg5 41. Rxa6 Rg2+ 42. Kb1 b4 43. Be4 Rg3 44. Ra5+ Kg4 45. Ra7 Nh3 46. Rf1 Rb5 47. Bc6 Rb6 48. Rg7+ Kh4 49. Rh7+ Kg5 50. Bd7 Nf4 51. Rh8 Rd6 52. Rg8+ Rg6 53. Rxg6+ Nxg6 54. Rf5+ Kh6 55. Rb5 Rg1+ 56. Kc2 Rg2+ 57. Kd3 Rxa2 58. Kc4 Kg7 59. Rf5 Ne7 60. Rf1 Ra7 61. Be8 Rc7+ 62. Kxb4 Nd5+ 63. Ka3 Ra7+ 64. Kb2 Re7 65. Bb5 Nf6 66. Bc4 Rb7 67. Kc3 Rb6 68. Re1 Kf8 69. b4 Ne8 70. b5 Nd6 71. Kb4 Nxb5 72. Bxb5 Kf7 73. Kc5 Rf6 74. Bc4+ Kg6 75. Rg1+ Kf5 76. Kd5 Kf4 77. Rf1+ Kg5 78. Rg1+ Kf4 79. Kd4 Rf5 80. Bd5 Rf6 81. Re1 Kf5 82. Re5+ Kf4 83. Re8 Kf5 84. Bc4 Kf4 85. Re4+ Kg5 86. Ke3 Kf5 87. Bd3 Re6 88. Rxe6+ Kxe6 89. Ke4 {Ke5+} 1/2-1/2

[Event "12th Maria Albulet Memorial 2019"]
[Site "Braila"]
[Date "2019.10.06"]
[Round "6.3"]
[White "Doluhanova, Evgeniya"]
[Black "Petrenko, Svetlana"]
[Result "1-0"]
[ECO "B92"]
[WhiteElo "2285"]
[BlackElo "2112"]
[Annotator "NA"]
[PlyCount "79"]
[EventDate "2019.10.02"]
[EventType "swiss"]
[EventCountry "ROU"]
[SourceTitle "playchess.com"]
[Source "ChessBase"]
[SourceQuality "1"]
[TimeControl "40/5400+30:900+30"]

1. e4 c5 2. Nf3 d6 3. d4 cxd4 4. Nxd4 Nf6 5. Nc3 a6 6. Be2 e5 7. Nb3 Be7 8. Be3 Nbd7 9. Qd3 O-O 10. Rd1 ({Better is} 10. g4 $14) 10... Qc7 11. a4 b6 12. O-O Bb7 13. Nd2 Rac8 14. Nc4 Nc5 $14 15. Bxc5 dxc5 16. Qf3 Rcd8 17. Qf5 g6 18. Qxe5 Qxe5 19. Nxe5 Nxe4 20. Nd7 Rfe8 21. Bc4 Kg7 22. Nxb6 Nxc3 23. bxc3 Be4 24. Bd3 Bf6 25. c4 a5 26. Bxe4 Rxd1 27. Rxd1 Rxe4 28. Kf1 Bc3 29. g3 h5 30. f3 Re6 31. Nd5 Bd4 32. Rb1 g5 33. Rb5 h4 34. c3 Be5 35. f4 Bd6 36. Rb6 hxg3 37. hxg3 gxf4 38. gxf4 Rh6 39. Ne3 Rf6 40. Rxd6 1-0

[Event "12th Maria Albulet Memorial 2019"]
[Site "Braila"]
[Date "2019.10.06"]
[Round "6.4"]
[White "Makropoulou, Marina"]
[Black "Cosman, Andreea-Marioara"]
[Result "1/2-1/2"]
[ECO "B90"]
[WhiteElo "2201"]
[BlackElo "2165"]
[Annotator "ChessBase"]
[PlyCount "35"]
[EventDate "2019.10.02"]
[EventType "swiss"]
[EventCountry "ROU"]
[SourceTitle "playchess.com"]
[Source "ChessBase"]
[SourceQuality "1"]
[TimeControl "40/5400+30:900+30"]

1. e4 c5 2. Nf3 d6 3. d4 cxd4 4. Nxd4 Nf6 5. Nc3 a6 6. h3 g6 7. g4 Nc6 8. Be3 Bg7 9. Bg2 Bd7 10. Qd2 Rc8 11. O-O O-O 12. Nxc6 Bxc6 13. Rad1 Qc7 14. Bh6 Bxh6 15. Qxh6 b5 16. Rd2 Rfe8 17. a3 a5 18. Re1 1/2-1/2

[Event "12th Maria Albulet Memorial 2019"]
[Site "Braila"]
[Date "2019.10.06"]
[Round "6.5"]
[White "Bucur, Denisa-Andreea"]
[Black "Verbin, Valentina"]
[Result "1-0"]
[ECO "E21"]
[WhiteElo "1888"]
[BlackElo "2076"]
[Annotator "NA"]
[PlyCount "83"]
[EventDate "2019.10.02"]
[EventType "swiss"]
[EventCountry "ROU"]
[SourceTitle "playchess.com"]
[Source "ChessBase"]
[SourceQuality "1"]
[TimeControl "40/5400+30:900+30"]

1. d4 Nf6 2. Nf3 e6 3. c4 b6 4. Nc3 Bb7 5. a3 d5 6. cxd5 Nxd5 7. Bd2 Nd7 8. Qc2 c5 9. e4 Nxc3 10. Bxc3 cxd4 11. Nxd4 a6 12. Rd1 Qc7 13. Be2 Rc8 14. O-O Bxa3 15. Qb3 Be7 16. Nxe6 fxe6 17. Bh5+ Kd8 18. Qxe6 Qc6 19. Rxd7+ Qxd7 20. Rd1 Qxd1+ 21. Bxd1 Rc6 22. Qg4 Rg6 23. Qe2 Kc8 24. Be5 Bc5 25. b4 Bxb4 26. Qc4+ Bc5 27. Bg4+ Rxg4 28. Qe6+ Kd8 29. Qxg4 Rf8 30. Bg3 a5 31. Qxg7 Bxe4 32. Qc7+ Ke8 33. Qe5+ Kd7 34. Qxe4 Re8 35. Qxh7+ Re7 36. Qd3+ Kc6 37. h4 a4 38. Qg6+ Kb7 39. Bd6 Re1+ 40. Kh2 a3 41. Bxc5 bxc5 42. Qc2 1-0